PAAA
CALGARY LYNX @ PAWNEE PARKSNREC
08/16/2031
 
TOP OF THE 1ST
Calgary Lynx batting - Pitching for Pawnee ParksNRec : LHP Domingo Montémayor
Pitching: LHP Domingo Montémayor
Batting: RHB Jing-sheng Joo 0-0: Fly out, F5 (Line Drive, 56)
Batting: SHB Ted Striker 0-0: Called Strike
0-1: Swinging Strike
0-2: Ball
1-2: Ball
2-2: Fly out, F8 (Flyball, 8LD)
Batting: RHB Taylor Landis 0-0: Foul Ball, location: 2F
0-1: Ball
1-1: Ball
2-1: Ball
3-1: Foul Ball, location: 2F
3-2: Strikes out looking
Top of the 1st over - 0 runs, 0 hits, 0 errors, 0 left on base; Calgary 0 - Pawnee 0
BOTTOM OF THE 1ST
Pawnee ParksNRec batting - Pitching for Calgary Lynx : LHP Miguel López
Pitching: LHP Miguel López
Batting: RHB Britt Lynch 0-0: Called Strike
0-1: Foul Ball, location: 2F
0-2: Ball
1-2: Ball
2-2: Ground out 5-3 (Groundball, 5)
Batting: RHB David Tineo 0-0: Called Strike
0-1: Called Strike
0-2: Ball
1-2: Foul Ball, location: 2F
1-2: Foul Ball, location: 2F
1-2: Ground out 6-3 (Groundball, 6)
Batting: RHB Ken Bone 0-0: Ball
1-0: Ball
2-0: SINGLE (Line Drive, 78M)
Batting: RHB Daryl Moran 0-0: Ball
1-0: Foul Ball, location: 2F
1-1: Ball
2-1: Ball
3-1: Called Strike
3-2: SINGLE (Groundball, 34D)
Ken Bone to second
Ken Bone to third
Batting: RHB Gustavo González 0-0: Called Strike
0-1: Fly out, F8 (Flyball, 8LXD)
Bottom of the 1st over - 0 runs, 2 hits, 0 errors, 2 left on base; Calgary 0 - Pawnee 0
TOP OF THE 2ND
Calgary Lynx batting - Pitching for Pawnee ParksNRec : LHP Domingo Montémayor
Batting: RHB Gilberto Rodríguez 0-0: Foul Ball, location: 2F
0-1: Ball
1-1: Swinging Strike
1-2: SOLO HOME RUN (Flyball, 7LD), Distance : 357 ft
Batting: RHB Yifu Chen 0-0: Foul Ball, location: 2F
0-1: Ball
1-1: Ball
2-1: Ball
3-1: Foul Ball, location: 2F
3-2: Foul Ball, location: 2F
3-2: Foul Ball, location: 2F
3-2: Foul Ball, location: 2F
3-2: Base on Balls
Batting: LHB Daniel García 0-0: Ball
1-0: Fielders Choice at 2nd, 5-4 (Groundball, 56)
Batting: RHB Juan Martínez 0-0: SINGLE (Flyball, 78M)
Daniel García to second
Batting: LHB Francisco Santos 0-0: Foul Ball, location: 2F
0-1: Swinging Strike
0-2: Strikes out swinging
Batting: RHB Michael Garrett 0-0: Foul Ball, location: 2F
0-1: Fielders Choice at 2nd, 5-4 (Groundball, 56)
Top of the 2nd over - 1 run, 2 hits, 0 errors, 2 left on base; Calgary 1 - Pawnee 0
BOTTOM OF THE 2ND
Pawnee ParksNRec batting - Pitching for Calgary Lynx : LHP Miguel López
Batting: RHB Mike Lipide 0-0: Called Strike
0-1: Ball
1-1: Called Strike
1-2: Foul Ball, location: 2F
1-2: Ball
2-2: Strikes out looking
Batting: SHB Dave Gant 0-0: Ball
1-0: Ball
2-0: Foul Ball, location: 2F
2-1: Foul Ball, location: 2F
2-2: DOUBLE (Line Drive, 7LM)
Batting: RHB Chad Silander 0-0: Ball
1-0: Called Strike
1-1: Ball
2-1: Ball
3-1: Base on Balls
Batting: RHB Roberto Aguirre 0-0: Foul Ball, location: 2F
0-1: Called Strike
0-2: Strikes out swinging
Batting: RHB Britt Lynch 0-0: Foul Ball, location: 2F
0-1: SINGLE (Line Drive, 8LS)
Dave Gant to third
Chad Silander to second
Batting: RHB David Tineo 0-0: Ball
1-0: Fly out, F8 (Flyball, 8LM)
Bottom of the 2nd over - 0 runs, 2 hits, 0 errors, 3 left on base; Calgary 1 - Pawnee 0
TOP OF THE 3RD
Calgary Lynx batting - Pitching for Pawnee ParksNRec : LHP Domingo Montémayor
Batting: RHB Jing-sheng Joo 0-0: Called Strike
0-1: Swinging Strike
0-2: Ball
1-2: Strikes out looking
Batting: SHB Ted Striker 0-0: SINGLE (Line Drive, 6MD)
Batting: RHB Taylor Landis 0-0: Ball
1-0: Swinging Strike
1-1: Foul Ball, location: 2F
1-2: Strikes out swinging
Batting: RHB Gilberto Rodríguez 0-0: Ball
1-0: Ball
2-0: Ball
3-0: Ground out 1-3 (Groundball, 13)
Top of the 3rd over - 0 runs, 1 hit, 0 errors, 1 left on base; Calgary 1 - Pawnee 0
BOTTOM OF THE 3RD
Pawnee ParksNRec batting - Pitching for Calgary Lynx : LHP Miguel López
Batting: RHB Ken Bone 0-0: Called Strike
0-1: SINGLE (Groundball, 6MD)
Batting: RHB Daryl Moran 0-0: Called Strike
0-1: Foul Ball, location: 2F
0-2: Ball
1-2: Ball
2-2: 2-RUN HOME RUN (Flyball, 9D), Distance : 383 ft
Batting: RHB Gustavo González 0-0: Ball
1-0: Called Strike
1-1: Ball
2-1: Fly out, F3 (Popup, 23F)
Batting: RHB Mike Lipide 0-0: Ball
1-0: Ball
2-0: Ball
3-0: Base on Balls
Batting: SHB Dave Gant 0-0: Foul Ball, location: 2F
0-1: Ball
1-1: Ball
2-1: SINGLE (Line Drive, 4)
Mike Lipide to second
Runner from 2nd tries for 3rd, SAFE, no throw
Batting: RHB Chad Silander 0-0: Foul Ball, location: 2F
0-1: Called Strike
0-2: Fly out, F1 (Line Drive, 13)
Batting: RHB Roberto Aguirre 0-0: Ball
1-0: Called Strike
1-1: Fly out, F9 (Flyball, 9LSF)
Bottom of the 3rd over - 2 runs, 3 hits, 0 errors, 2 left on base; Calgary 1 - Pawnee 2
TOP OF THE 4TH
Calgary Lynx batting - Pitching for Pawnee ParksNRec : LHP Domingo Montémayor
Batting: RHB Yifu Chen 0-0: Foul Ball, location: 2F
0-1: Foul Ball, location: 2F
0-2: Ground out 5-3 (Groundball, 56S)
Batting: LHB Daniel García 0-0: Called Strike
0-1: Called Strike
0-2: Ball
1-2: Ball
2-2: Strikes out swinging
Batting: RHB Juan Martínez 0-0: Ball
1-0: Called Strike
1-1: SINGLE (Groundball, 4MD)
Batting: LHB Francisco Santos 0-0: Swinging Strike
0-1: Ball
1-1: Called Strike
1-2: Ball
2-2: Ball
3-2: Strikes out swinging
Top of the 4th over - 0 runs, 1 hit, 0 errors, 1 left on base; Calgary 1 - Pawnee 2
BOTTOM OF THE 4TH
Pawnee ParksNRec batting - Pitching for Calgary Lynx : LHP Miguel López
Batting: RHB Britt Lynch 0-0: Reached on error, E8 (Flyball, 8LD)
Batting: RHB David Tineo 0-0: Ball
1-0: DOUBLE (Line Drive, 7LM)
Britt Lynch scores
Batting: RHB Ken Bone 0-0: Ball
1-0: Ball
2-0: Called Strike
2-1: SINGLE (Groundball, 56D)
David Tineo to third
Batting: RHB Daryl Moran 0-0: Called Strike
0-1: Ball
1-1: Ball
2-1: Called Strike
2-2: Foul Ball, location: 2F
2-2: Ball
3-2: Foul Ball, location: 2F
3-2: Base on Balls
Ken Bone to second
Batting: RHB Gustavo González 0-0: GRAND SLAM HOME RUN (Flyball, 7D), Distance : 381 ft
Batting: RHB Mike Lipide 0-0: Ball
1-0: SOLO HOME RUN (Flyball, 7LD), Distance : 362 ft
Batting: SHB Dave Gant 0-0: Called Strike
0-1: Ball
1-1: Swinging Strike
1-2: Foul Ball, location: 2F
1-2: Strikes out looking
Batting: RHB Chad Silander 0-0: Swinging Strike
0-1: Swinging Strike
0-2: Foul Ball, location: 2F
0-2: Foul Ball, location: 2F
0-2: Ball
1-2: Strikes out swinging
Batting: RHB Roberto Aguirre 0-0: Ball
1-0: Fly out, F5 (Line Drive, 56)
Bottom of the 4th over - 6 runs, 4 hits, 1 error, 0 left on base; Calgary 1 - Pawnee 8
TOP OF THE 5TH
Calgary Lynx batting - Pitching for Pawnee ParksNRec : LHP Domingo Montémayor
Batting: RHB Michael Garrett 0-0: Ball
1-0: Fly out, F8 (Flyball, 8RM)
Batting: RHB Jing-sheng Joo 0-0: Ball
1-0: Fly out, F8 (Flyball, 89D)
Batting: SHB Ted Striker 0-0: Ball
1-0: Ground out 6-3 (Groundball, 6M)
Top of the 5th over - 0 runs, 0 hits, 0 errors, 0 left on base; Calgary 1 - Pawnee 8
BOTTOM OF THE 5TH
Pawnee ParksNRec batting - Pitching for Calgary Lynx : LHP Miguel López
Pitching: RHP Juan Pérez
Batting: RHB Britt Lynch 0-0: Ball
1-0: Ball
2-0: Called Strike
2-1: Fly out, F6 (Popup, 6)
Batting: RHB David Tineo 0-0: Foul Ball, location: 2F
0-1: Ball
1-1: Swinging Strike
1-2: Foul Ball, location: 2F
1-2: Foul Ball, location: 2F
1-2: Strikes out swinging
Batting: RHB Ken Bone 0-0: Foul Ball, location: 2F
0-1: Foul Ball, location: 2F
0-2: DOUBLE (Line Drive, 89D)
Batting: RHB Daryl Moran 0-0: Called Strike
0-1: Ball
1-1: Ball
2-1: Foul Ball, location: 2F
2-2: Ball
3-2: Base on Balls
Batting: RHB Gustavo González 0-0: Called Strike
0-1: Called Strike
0-2: Ball
1-2: Ball
2-2: Ball
3-2: Strikes out swinging
Bottom of the 5th over - 0 runs, 1 hit, 0 errors, 2 left on base; Calgary 1 - Pawnee 8
TOP OF THE 6TH
Calgary Lynx batting - Pitching for Pawnee ParksNRec : LHP Domingo Montémayor
Batting: RHB Taylor Landis 0-0: Ball
1-0: Ball
2-0: Ground out 5-3 (Groundball, 25)
Batting: RHB Gilberto Rodríguez 0-0: Ball
1-0: SOLO HOME RUN (Line Drive, 7D), Distance : 383 ft
Batting: RHB Yifu Chen 0-0: Foul Ball, location: 2F
0-1: Ball
1-1: Ball
2-1: Called Strike
2-2: Ball
3-2: Base on Balls
Batting: LHB Daniel García 0-0: Called Strike
0-1: Ball
1-1: Fly out, F4 (Flyball, 34D)
Batting: RHB Juan Martínez 0-0: Ball
1-0: Ball
2-0: Called Strike
2-1: Ball
3-1: Base on Balls
Yifu Chen to second
Batting: LHB Francisco Santos 0-0: Fly out, F5 (Popup, 6S)
Top of the 6th over - 1 run, 1 hit, 0 errors, 2 left on base; Calgary 2 - Pawnee 8
BOTTOM OF THE 6TH
Pawnee ParksNRec batting - Pitching for Calgary Lynx : RHP Juan Pérez
Batting: RHB Mike Lipide 0-0: Ground out 5-3 (Groundball, 5)
Batting: SHB Dave Gant 0-0: Ball
1-0: Swinging Strike
1-1: Called Strike
1-2: Foul Ball, location: 2F
1-2: Ball
2-2: Strikes out looking
Batting: RHB Chad Silander 0-0: Foul Ball, location: 2F
0-1: Ball
1-1: Called Strike
1-2: Strikes out swinging
Bottom of the 6th over - 0 runs, 0 hits, 0 errors, 0 left on base; Calgary 2 - Pawnee 8
TOP OF THE 7TH
Calgary Lynx batting - Pitching for Pawnee ParksNRec : LHP Domingo Montémayor
Batting: RHB Michael Garrett 0-0: Ball
1-0: Ball
2-0: Called Strike
2-1: Ground out 4-3 (Groundball, 4)
Batting: RHB Jing-sheng Joo 0-0: Fly out, F7 (Flyball, 7S)
Batting: SHB Ted Striker 0-0: Ball
1-0: Fly out, F7 (Flyball, 7S)
Top of the 7th over - 0 runs, 0 hits, 0 errors, 0 left on base; Calgary 2 - Pawnee 8
BOTTOM OF THE 7TH
Pawnee ParksNRec batting - Pitching for Calgary Lynx : RHP Juan Pérez
Batting: RHB Roberto Aguirre 0-0: Ball
1-0: Called Strike
1-1: Swinging Strike
1-2: Ball
2-2: Ball
3-2: Strikes out looking
Batting: RHB Britt Lynch 0-0: Ball
1-0: Foul Ball, location: 2F
1-1: Called Strike
1-2: Ground out 5-3 (Groundball, 5)
Batting: RHB David Tineo 0-0: Ball
1-0: Swinging Strike
1-1: Ball
2-1: Ball
3-1: Called Strike
3-2: Strikes out swinging
Bottom of the 7th over - 0 runs, 0 hits, 0 errors, 0 left on base; Calgary 2 - Pawnee 8
TOP OF THE 8TH
Calgary Lynx batting - Pitching for Pawnee ParksNRec : LHP Domingo Montémayor
Batting: RHB Taylor Landis 0-0: Foul Ball, location: 2F
0-1: Ground out 5-3 (Groundball, 56)
Batting: RHB Gilberto Rodríguez 0-0: Ball
1-0: Called Strike
1-1: Swinging Strike
1-2: Ball
2-2: Ball
3-2: Base on Balls
Pitching: LHP Luis Cuero
Batting: RHB Yifu Chen 0-0: Ball
1-0: DOUBLE (Flyball, 78D)
Gilberto Rodríguez to third
Batting: LHB Daniel García 0-0: Ball
1-0: Ball
Wild Pitch!
Gilberto Rodríguez scores
Yifu Chen to third
2-0: Ball
3-0: Called Strike
3-1: Base on Balls
Batting: RHB Juan Martínez 0-0: Called Strike
0-1: Foul Ball, location: 2F
0-2: Ball
1-2: Ball
2-2: Ball
3-2: Base on Balls
Daniel García to second
Batting: LHB Francisco Santos 0-0: Ball
1-0: Swinging Strike
1-1: Ball
2-1: Reached on error, E3 (Groundball, 3D)
Yifu Chen scores
Daniel García to third
Juan Martínez to second
Batting: RHB Michael Garrett 0-0: Called Strike
0-1: Ball
1-1: Ball
2-1: SINGLE (Line Drive, 4MD)
Daniel García scores
Juan Martínez to third
Francisco Santos to second
Runner from 3rd tries for Home, SAFE, no throw
Pitching: RHP Baker Mayfield
Batting: RHB Jing-sheng Joo 0-0: SINGLE (Groundball, 34D)
Francisco Santos to third
Michael Garrett to second
Runner from 3rd tries for Home, SAFE, throw made home
Batting: SHB Ted Striker 0-0: Swinging Strike
0-1: Ball
1-1: Grounds into double play, 6-4-3 (Groundball, 6)
Top of the 8th over - 5 runs, 3 hits, 1 error, 1 left on base; Calgary 7 - Pawnee 8
BOTTOM OF THE 8TH
Pawnee ParksNRec batting - Pitching for Calgary Lynx : RHP Juan Pérez
Batting: RHB Ken Bone 0-0: Called Strike
0-1: Swinging Strike
0-2: Ball
1-2: SINGLE (Line Drive, 7S)
Pitching: RHP Ash Wooden
Pinch Hitting: LHB Sal Bradshaw 0-0: Called Strike
0-1: Ball
1-1: SINGLE (Groundball, 34D)
Ken Bone to second
Runner from 2nd tries for 3rd, SAFE, no throw
Batting: RHB Gustavo González 0-0: Ball
Pickoff Throw to First - Error! E1
Ken Bone scores
Sal Bradshaw to second
1-0: Intentional Walk
Batting: RHB Mike Lipide 0-0: Called Strike
0-1: Sac Bunt - play at first, batter OUT! 1-3
Sal Bradshaw to third
Gustavo González to second
Batting: SHB Dave Gant 0-0: Ball
1-0: Ball
2-0: Called Strike
2-1: Foul Ball, location: 2F
2-2: Ball
3-2: Foul Ball, location: 2F
3-2: Foul Ball, location: 2F
3-2: Foul Ball, location: 2F
3-2: Foul Ball, location: 2F
3-2: Base on Balls
Batting: RHB Chad Silander 0-0: Called Strike
0-1: SINGLE (Groundball, 6D)
Sal Bradshaw scores
Gustavo González to third
Dave Gant to second
Runner from 3rd tries for Home, SAFE, throw made home
Pitching: RHP Víctor Torres
Batting: RHB Roberto Aguirre 0-0: Called Strike
0-1: Ball
1-1: Foul Ball, location: 2F
1-2: Ball
2-2: Grounds into double play, 1-6-3 (Groundball, 13S)
Bottom of the 8th over - 3 runs, 3 hits, 1 error, 1 left on base; Calgary 7 - Pawnee 11
TOP OF THE 9TH
Calgary Lynx batting - Pitching for Pawnee ParksNRec : RHP Baker Mayfield
Pitching: RHP Mark Sanders
Now at SS: Sal Bradshaw
Batting: RHB Taylor Landis 0-0: Ball
1-0: Called Strike
1-1: Called Strike
1-2: Ball
2-2: Ball
3-2: Base on Balls
Batting: RHB Gilberto Rodríguez 0-0: Foul Ball, location: 2F
0-1: Ball
1-1: Foul Ball, location: 2F
1-2: Foul Ball, location: 2F
1-2: Strikes out swinging
Batting: RHB Yifu Chen 0-0: Ball
1-0: Ball
2-0: Ball
3-0: Base on Balls
Taylor Landis to second
Batting: LHB Daniel García 0-0: Ball
1-0: Swinging Strike
1-1: Swinging Strike
1-2: Ball
2-2: SINGLE (Groundball, 34D)
Taylor Landis to third
Yifu Chen to second
Batting: RHB Juan Martínez 0-0: Called Strike
0-1: Called Strike
0-2: Ball
1-2: Ball
2-2: Ball
3-2: Reached on error, E3 (Groundball, 3S)
Taylor Landis scores
Yifu Chen scores
Daniel García to third
Batting: LHB Francisco Santos 0-0: Ball
1-0: Ball
2-0: SINGLE (Groundball, 4D)
Daniel García scores
Juan Martínez to third
Runner from 3rd tries for Home, SAFE, no throw
Pitching: RHP Trevor Brohard
Pinch Runner at 1st Salvador Esparza:
Batting: RHB Michael Garrett 0-0: Called Strike
0-1: Ball
1-1: Foul Ball, location: 2F
1-2: Fielders Choice at 2nd, 4-6 (Groundball, 34)
Batting: RHB Jing-sheng Joo 0-0: Called Strike
Michael Garrett is caught stealing 2nd base
Top of the 9th over - 4 runs, 2 hits, 1 error, 0 left on base; Calgary 11 - Pawnee 11
BOTTOM OF THE 9TH
Pawnee ParksNRec batting - Pitching for Calgary Lynx : RHP Víctor Torres
Now at 2B: Rex Criscuolo
Batting: RHB Britt Lynch 0-0: Ball
1-0: Fly out, F6 (Line Drive, 6)
Batting: RHB David Tineo 0-0: Called Strike
0-1: Ball
1-1: Ball
2-1: Swinging Strike
2-2: Foul Ball, location: 2F
2-2: Foul Ball, location: 2F
2-2: Ball
3-2: Strikes out swinging
Batting: RHB Ken Bone 0-0: Ball
1-0: Ball
2-0: Foul Ball, location: 2F
2-1: Fly out, F7 (Flyball, 78D)
Bottom of the 9th over - 0 runs, 0 hits, 0 errors, 0 left on base; Calgary 11 - Pawnee 11
TOP OF THE 10TH
Calgary Lynx batting - Pitching for Pawnee ParksNRec : RHP Trevor Brohard
Batting: RHB Jing-sheng Joo 0-0: Ball
1-0: Foul Ball, location: 2F
1-1: Hit by Pitch
Batting: SHB Ted Striker 0-0: DOUBLE (Line Drive, 89M)
Jing-sheng Joo to third
Runner from 3rd tries for Home, SAFE, no throw
Batting: RHB Taylor Landis 0-0: Foul Ball, location: 2F
0-1: Called Strike
0-2: Foul Ball, location: 2F
0-2: SINGLE (Line Drive, 8LS)
Ted Striker to third
Runner from 3rd tries for Home, SAFE, no throw
Batting: RHB Gilberto Rodríguez 0-0: Ball
1-0: Foul Ball, location: 2F
1-1: Ball
2-1: Ball
3-1: Base on Balls
Taylor Landis to second
Batting: RHB Yifu Chen 0-0: Called Strike
0-1: Ball
1-1: Foul Ball, location: 2F
1-2: Foul Ball, location: 2F
1-2: Foul Ball, location: 2F
1-2: Fly out, F6 (Popup, 6)
Batting: LHB Daniel García 0-0: Ball
1-0: Swinging Strike
1-1: Fielders Choice at 2nd, 2-6 (Groundball, 2R)
Taylor Landis to third
Batting: RHB Juan Martínez 0-0: Ball
1-0: Called Strike
1-1: Ground out U3 (Groundball, 3S)
Top of the 10th over - 2 runs, 2 hits, 0 errors, 2 left on base; Calgary 13 - Pawnee 11
BOTTOM OF THE 10TH
Pawnee ParksNRec batting - Pitching for Calgary Lynx : RHP Víctor Torres
Batting: LHB Sal Bradshaw 0-0: Called Strike
0-1: Foul Ball, location: 2F
0-2: Ball
1-2: Ball
2-2: Strikes out swinging
Batting: RHB Gustavo González 0-0: Foul Ball, location: 2F
0-1: Ball
1-1: Ball
2-1: Foul Ball, location: 2F
2-2: Foul Ball, location: 2F
2-2: Fly out, F4 (Popup, 4D)
Batting: RHB Mike Lipide 0-0: SINGLE (Line Drive, 6MD)
Batting: SHB Dave Gant 0-0: Ball
1-0: Ground out 4-3 (Groundball, 4S)
Bottom of the 10th over - 0 runs, 1 hit, 0 errors, 1 left on base; Calgary 13 - Pawnee 11
Tuesday, June 12th, 2018 - OOTP Baseball 18.8 Build 76